 Dungeon Crawl Stone Soup version 0.29-a0-23-ga79f92ac9c (webtiles) character file.

Game seed: 6943156714535570764

114 hashsling the Magician (level 4, -8/24 HPs)
             Began as a Deep Elf Hedge Wizard on Jan 30, 2022.
             Mangled by Crazy Yiuf (15 damage)
             ... on level 2 of the Dungeon.
             The game lasted 00:06:05 (2518 turns).

hashsling the Magician (Deep Elf Hedge Wizard)      Turns: 2518, Time: 00:06:05

Health: -8/24      AC:  4    Str:  7    XL:     4   Next: 66%
Magic:  0/13       EV: 13    Int: 21    God:
Gold:   97         SH:  0    Dex: 14    Spells: 4/14 levels left

rFire   . . .      SeeInvis .   a - +2 spear (venom)
rCold   . . .      Faith    .   (no shield)
rNeg    . . .      Spirit   .   b - +0 robe
rPois   .          Reflect  .   g - +0 helmet
rElec   .          Harm     .   (no cloak)
rCorr   .          Rampage  .   (no gloves)
Will    .....                   m - +0 pair of boots
Stlth   ++........              (no amulet)
HPRegen 0.08/turn               (no ring)
MPRegen 0.13/turn               (no ring)

@: on blink cooldown
A: no striking features
a: no special abilities


You were on level 2 of the Dungeon.
You visited 1 branch of the dungeon, and saw 4 of its levels.

You collected 97 gold pieces.

Inventory:

Hand Weapons
 a - a +2 spear of venom (weapon)
Missiles
 d - 74 arrows
Armour
 b - a +0 robe (worn)
 g - a +0 helmet (worn)
 m - a +0 pair of boots (worn)
Jewellery
 o - an amulet of the acrobat
Scrolls
 c - 2 scrolls of teleportation {unknown}
 f - a scroll of identify {unknown}
 i - a scroll of fear {unknown}
 k - a scroll of magic mapping {unknown}
Potions
 e - a potion of resistance {unknown}
 h - 2 potions of degeneration {unknown}
 j - 2 potions of cancellation {unknown}
 l - a potion of curing {unknown}
 n - a potion of might {unknown}


   Skills:
 + Level 3.2 Dodging
 - Level 3.0 Stealth
 * Level 5.6 Spellcasting
 + Level 2.2 Conjurations
 - Level 2.0 Summonings
 - Level 2.0 Translocations


You had 4 spell levels left.
You knew the following spells:

 Your Spells              Type           Power      Damage    Failure   Level
a - Magic Dart            Conj           60%        1d6       4%          1
b - Blink                 Tloc           28%        N/A       7%          2
c - Slow                  Hex            20%        N/A       11%         1
d - Conjure Flame         Conj/Fire      10%        6-21      19%         3
e - Mephitic Cloud        Conj/Pois/Air  9%         N/A       22%         3

Your spell library contained the following spells:

 Spells                   Type           Power      Damage    Failure   Level
 Call Imp                 Summ           14%        N/A       7%          2


Dungeon Overview and Level Annotations

Branches:
Dungeon (4/15)
 Temple: D:4-7

Altars:

Annotations:
D:2 Crazy Yiuf


Message History

Press: ? - help, Q - select action, (/) - cycle Shift-Dir - straight line, f/p - Crazy Yiuf
Aim: Crazy Yiuf, wielding a +3 quarterstaff of chaos, wearing a +0 cloak of stealth and carrying a wand of digging (8) (moderately wounded, 100% to hit)
The magic dart hits Crazy Yiuf.
Crazy Yiuf is moderately wounded.
Aiming: Magic Dart (safe; 4% risk of failure)
Press: ? - help, Q - select action, (/) - cycle Shift-Dir - straight line, f/p - Crazy Yiuf
Aim: Crazy Yiuf, wielding a +3 quarterstaff of chaos, wearing a +0 cloak of stealth and carrying a wand of digging (8) (moderately wounded, 100% to hit)
The magic dart hits Crazy Yiuf.
Crazy Yiuf is heavily wounded.
Crazy Yiuf closely misses you.
Reach: a) +2 spear (venom)
Press: ? - help, Dir - move target, f/p - Crazy Yiuf
Aim: Crazy Yiuf, wielding a +3 quarterstaff of chaos, wearing a +0 cloak of stealth and carrying a wand of digging (8) (heavily wounded, about 34% to evade your +2 spear of venom)
You hit Crazy Yiuf.
Crazy Yiuf is poisoned.
Crazy Yiuf is heavily wounded.
You feel stable enough to blink again.
Crazy Yiuf hits you with a +3 quarterstaff of chaos.
Crazy Yiuf draws strength from your wounds!
Casting: Magic Dart (safe; 4% risk of failure)
Confirm with . or Enter, or press ? or * to list all spells.
You blink.
Unknown command.
Aiming: Magic Dart (safe; 4% risk of failure)
Press: ? - help, Q - select action, (/) - cycle Shift-Dir - straight line, f/p - Crazy Yiuf
Aim: Crazy Yiuf, wielding a +3 quarterstaff of chaos, wearing a +0 cloak of stealth and carrying a wand of digging (8) (heavily wounded, very poisoned, 100% to hit)
The magic dart hits Crazy Yiuf but does no damage.
Crazy Yiuf is heavily wounded.
Crazy Yiuf grits, "Cod pizzabubble cower!"
Aiming: Magic Dart (safe; 4% risk of failure)
Press: ? - help, Q - select action, (/) - cycle Shift-Dir - straight line, f/p - Crazy Yiuf
Aim: Crazy Yiuf, wielding a +3 quarterstaff of chaos, wearing a +0 cloak of stealth and carrying a wand of digging (8) (severely wounded, very poisoned, 100% to hit)
The magic dart hits Crazy Yiuf.
Crazy Yiuf is almost dead.
Crazy Yiuf whimpers, "Mountain hog snockshim!"
Crazy Yiuf hits you with a +3 quarterstaff of chaos!
Ouch! That really hurt!
* * * LOW HITPOINT WARNING * * *
You are electrocuted!
Ouch! That really hurt!
You die...

#..†.##..##.###)##
###.........
.....##..# #.#)##
##.######.
.........# #.#)#
#.# #. .......#.#
#.)## #.# #.
......##.### ##.)#
##'## #.
.....###...# ##'##
##...## #.
.........### #))§#
##.....## #.
#..######### #)g)#
#.......###.
(..#####...# #)@)#
#........###
......)>...# #####
#........'..
...#####.###
#........### #..#
#.# ########
#).....>## ##.#
#.# #..#.#.#
##.....## ##.##
#.# #......#
##...## #...#
#.####.#.### ##'##
##.## #........#
#.# #.# ######.###
#.#


You could see Crazy Yiuf (very poisoned).

Vanquished Creatures
  Jessica (D:2)
  4 adders
  A worm (D:2)
  2 dart slugs (D:2)
  5 bats
  2 endoplasms
  2 giant cockroaches
  4 goblins
  A hobgoblin (D:3)
  2 jackals (D:2)
  6 kobolds
  7 quokkas
  2 ball pythons
  2 frilled lizards
  3 rats
44 creatures vanquished.

Vanquished Creatures (others)
  A fungus (D:2)
1 creature vanquished.

Grand Total: 45 creatures vanquished

Notes
Turn   | Place    | Note
-------+----------+-------------------------------------------
     0 | D:1      | hashsling the Deep Elf Hedge Wizard began the quest for the
                  | Orb.
     0 | D:1      | Reached XP level 1. HP: 10/10 MP: 7/7
   159 | D:1      | Reached XP level 2. HP: 15/15 MP: 5/9
   165 | D:1      | Learned a level 2 spell: Blink
   167 | D:1      | Learned a level 1 spell: Slow
   880 | D:2      | Noticed Jessica
   886 | D:2      | Killed Jessica
   887 | D:2      | Reached skill level 5 in Spellcasting
   887 | D:2      | Reached XP level 3. HP: 19/19 MP: 3/11
  1190 | D:2      | Reached XP level 4. HP: 17/24 MP: 2/13
  1514 | D:2      | Learned a level 3 spell: Conjure Flame
  1518 | D:2      | Learned a level 3 spell: Mephitic Cloud
  1901 | D:2      | You fall into a shaft and drop 2 floors!
  2500 | D:2      | Found a runed translucent door.
  2501 | D:2      | Noticed Crazy Yiuf
  2518 | D:2      | Mangled by Crazy Yiuf

Illustrated notes

Levels and vault maps discovered:
D:1:      tarquinn_simple_flora_water_a, layout_basic, minivault_5
D:2:      layout_loops_corners, ebering_ecumenical_altar_hall, uniq_jessica,
          uniq_crazy_yiuf_cottage
D:3:      cheibrodos_old_hovel, layout_basic, gammafunk_ghost_cemetery
D:4:      layout_loops_corners, nicolae_dithmenos_the_darkroom

Skill      XL: |  1  2  3  4 |
---------------+-------------+-----
Spellcasting   | 5 |  5.6
Dodging        | 3 |  3.2
Stealth        | 3 |  3.0
Conjurations   | 2 |  2.2
Translocations | 2 |  2.0
Summonings     | 2 |  2.0

Action                   |  1- 3 |  4- 6 || total
-------------------------+-------+-------++-------
Melee: Dagger            |     5 |       ||     5
       Spear             |     7 |    20 ||    27
 Cast: Magic Dart        |    61 |    56 ||   117
       Blink             |     2 |     2 ||     4
       Conjure Flame     |       |     1 ||     1
Armor: Robe              |     1 |     8 ||     9
Dodge: Dodged            |    12 |     7 ||    19

Table legend: (Time is in decaauts)
 A = Elapsed time spent in this place.
 B = Non-inter-level travel time spent in this place.
 C = Inter-level travel time spent in this place.
 D = Time resting spent in this place.
 E = Time spent auto-exploring this place.
 F = Levels seen in this place.
 G = Mean time per level.
                   A        B        C        D        E       F      G
               +--------+--------+--------+--------+--------+-----+--------+
         Total |   2519 |   2505 |     14 |      0 |   2150 |   4 |  629.8 |
       Dungeon |   2519 |   2505 |     14 |      0 |   2150 |   4 |  629.8 |
               +--------+--------+--------+--------+--------+-----+--------+

Top non-repeatable levels by time:
     D:2: 1392 daAuts
     D:1: 872 daAuts
     D:3: 243 daAuts
     D:4: 10 daAuts
